Map: [TLMC15] Berlingrad

Players

Cure - Winner!

  • Race: Terran Terran

Zest

  • Race: Protoss Protoss

Event: DreamHack SC2 Masters Last Chance 2022

VOD

Have the link to the VOD?

Description

Time

  • Played on: Jan. 15, 2022, 10:27 a.m.
  • Length: 19:11

All games in this series

Show
View Real Time Build Order
Export as new Build Order

Cure Terran - Winner!

Build Orders:  

Get SALT Encoding   

  12  0:00  SCV  
  13  0:12  SCV  
  14  0:17  Supply Depot  
  14  0:24  SCV  
  15  0:38  SCV  
  15  0:39  Barracks  
  16  0:44  Refinery  
  16  0:50  SCV  
  17  1:00  Engineering Bay  
  17  1:03  SCV  
  18  1:15  SCV  
  19  1:22  Engineering Bay  
  19  1:27  Barracks Reactor  
  19  1:29  Orbital Command  
  18  1:47  Command Center  
  18  1:55  SCV  
  18  1:59  Supply Depot  
  19  2:04  Marine x2  
  21  2:08  SCV  
  22  2:20  Bunker  
  22  2:22  Reaper, Marine  
  24  2:23  SCV  
  25  2:31  Barracks  
  25  2:36  SCV  
  26  2:40  Marine  
  27  2:45  Barracks  
  27  2:48  SCV  
  28  3:00  SCV, Orbital Command  
  28  3:03  Marine  
  30  3:08  Refinery  
  30  3:12  SCV  
  31  3:13  Marine  
  31  3:18  Barracks Tech Lab  
  32  3:21  Marine  
  32  3:24  SCV  
  34  3:32  SCV, Marine  
  34  3:33  Barracks Tech Lab  
  36  3:36  SCV  
  37  3:44  SCV, Marine x2  
  37  3:47  Stimpack  
  40  3:48  SCV  
  40  3:51  Supply Depot  
  40  3:53  Combat Shield, Marine x2  
  42  3:57  SCV  
  42  4:00  SCV  
  42  4:01  Supply Depot, Marine  
  45  4:04  Marine  
  46  4:12  SCV, Marine x2  
  46  4:13  SCV  
  50  4:20  Engineering Bay  
  50  4:23  Marine  
  52  4:24  SCV  
  52  4:25  SCV  
  52  4:30  Marine  
  52  4:31  Marauder x2  
  58  4:33  Supply Depot  
  58  4:34  Supply Depot  
  58  4:37  SCV x2  
  60  4:41  Marine  
  60  4:45  Missile Turret  
  61  4:48  Missile Turret, Marine  
  61  4:52  SCV x2  
  62  4:54  Terran Infantry Weapons Level 1  
  62  5:00  Factory  
  62  5:02  Marauder  
  62  5:04  Marauder  
  62  5:05  Marine  
  62  5:06  Marine  
  68  5:12  SCV x2  
  68  5:13  Concussive Shells  
  70  5:16  Supply Depot, Refinery  
  69  5:24  SCV x2  
  69  5:25  Marauder x2, Marine  
  69  5:26  Marine  
  77  5:40  Barracks  
  77  5:41  Barracks  
  76  5:43  Supply Depot, Marine  
  76  5:44  Starport, Factory Reactor  
  76  5:46  SCV  
  76  5:47  SCV  
  78  5:56  Marauder, Marine  
  78  5:57  Marauder  
  83  6:00  Supply Depot  
  83  6:01  Marine  
  83  6:04  SCV x2  
  85  6:05  Refinery  
  85  6:07  Supply Depot  
  80  6:18  Marine  
  80  6:19  Marauder x2, SCV, Marine  
  80  6:20  SCV  
  88  6:28  Factory Reactor  
  88  6:31  Medivac x2, Barracks Tech Lab, Barracks Reactor  
  89  6:34  Supply Depot  
  89  6:39  Marine x2  
  89  6:40  Marauder x2  
  93  6:50  Marauder, Terran Infantry Armor Level 1  
  93  6:56  Marine x2  
  93  6:59  Supply Depot  
  95  7:01  Marauder  
  95  7:02  Marauder, Medivac  
  100  7:11  Marauder, Marine x2  
  100  7:12  Widow Mine x2  
  100  7:15  Medivac  
  107  7:23  Marauder  
  109  7:31  Command Center  
  109  7:36  Marine x4  
  109  7:37  Marauder x2  
  117  7:38  Widow Mine x2  
  117  7:41  Medivac  
  123  7:44  Marauder  
  111  7:57  Marine x2  
  111  7:58  Marauder, Medivac, Marine x2  
  117  7:59  SCV x2  
  121  8:07  Widow Mine x2  
  120  8:13  Marauder  
  120  8:14  Marauder  
  120  8:15  Marine x3  
  126  8:22  Supply Depot, Marine  
  126  8:23  Marauder, SCV x2  
  126  8:24  Viking  
  133  8:35  SCV  
  134  8:41  SCV  
  134  8:43  Viking  
  134  8:45  Orbital Command  
  134  8:47  SCV  
  136  8:53  SCV  
  136  8:55  Widow Mine x2  
  141  8:59  SCV  
  141  9:02  Viking  
  141  9:05  SCV  
  141  9:06  Ghost Academy  
  143  9:11  SCV x2  
  143  9:12  Refinery, Viking  
  147  9:18  SCV  
  147  9:20  Supply Depot  
  147  9:21  Supply Depot  
  147  9:23  Refinery  
  148  9:30  Marine x2  
  148  9:31  Marine x2  
  152  9:32  SCV x3  
  152  9:37  Ghost  
  157  9:39  Enhanced Shockwaves  
  157  9:41  Ghost x2  
  161  9:46  Viking  
  161  9:52  Viking  
  165  9:55  Supply Depot  
  165  9:56  Supply Depot  
  165  10:00  Widow Mine x2  
  165  10:02  Supply Depot  
  169  10:12  Ghost x2  
  173  10:14  Armory  
  173  10:15  Engineering Bay  
  173  10:16  Ghost  
  173  10:19  Supply Depot  
  173  10:26  Marine x4  
  173  10:27  Viking x2  
  181  10:31  Widow Mine x2  
  183  10:47  Missile Turret  
  181  10:50  Command Center  
  181  10:51  Marine  
  181  10:52  Marauder x3  
  188  11:01  Viking x2  
  192  11:05  Terran Infantry Weapons Level 2  
  192  11:07  Terran Infantry Armor Level 2  
  192  11:17  Marine x4  
  192  11:18  Marauder  
  193  11:31  Marine  
  193  11:32  Marauder  
  178  11:35  Marine x2  
  178  11:39  Marauder  
  154  11:42  Marine x2  
  143  11:49  Ghost  
  143  11:53  Marauder, Marine  
  143  11:54  Marine  
  130  12:00  Marauder, Marine  
  116  12:07  Marine  
  111  12:11  Marine x2  
  111  12:15  Marauder  
  92  12:18  Marauder, Marine  
  92  12:22  Marauder  
  93  12:26  Viking  
  95  12:37  Marauder, Marine  
  95  12:40  Marauder  
  96  12:47  Marine  
  96  12:48  Marauder, Marine x2  
  101  12:53  Medivac  
  101  12:55  Marine  
  101  12:58  Marine  
  87  13:07  Marine x3, Ghost  
  87  13:09  Marauder  
  87  13:12  Viking  
  90  13:13  Widow Mine, Marine  
  90  13:16  Marauder  
  95  13:24  Widow Mine  
  92  13:27  Medivac  
  92  13:30  Ghost  
  94  13:35  Widow Mine, Ghost  
  94  13:38  Marauder  
  100  13:41  Marine  
  100  13:42  Marine  
  100  13:47  Medivac  
  104  13:52  Marine x2  
  104  13:55  Widow Mine  
  108  13:58  Ghost  
  108  14:00  Medivac  
  112  14:09  Marine, Ghost  
  112  14:13  Orbital Command  
  112  14:14  SCV  
  112  14:15  SCV  
  111  14:31  Ghost  
  111  14:32  Viking x2  
  111  14:33  SCV  
  111  14:34  SCV  
  118  14:45  SCV  
  119  14:49  SCV x2  
  121  14:56  Ghost  
  121  14:57  SCV, Refinery, Marine  
  125  15:04  Viking  
  123  15:09  Viking  
  119  15:34  Viking  
  121  15:39  Viking  
  123  15:44  Marine x2  
  123  15:45  Marauder x3  
  123  15:46  Marine  
  124  16:05  Ghost, Marine x3  
  124  16:06  Marauder  
  124  16:07  Marauder  
  113  16:22  Marine  
  113  16:23  Marine x2  
  106  16:28  Marauder  
  108  16:34  Marine  
  108  16:35  Marauder  
  108  16:36  Widow Mine  
  113  16:45  Widow Mine  
  110  16:59  Ghost x2  
  110  17:01  Marine x2  
  107  17:10  Marine  
  85  17:25  Orbital Command  
  60  18:26  Ghost  
  58  18:47  Marine  
  58  18:48  Marauder  
Show
View Real Time Build Order
Export as new Build Order

Zest Protoss 

Build Orders: 1 Gate Expand, Oracle Opening 

Get SALT Encoding   

  12  0:07  Pylon  
  12  0:12  Probe  
  13  0:25  Gateway  
  13  0:29  Probe (Chrono Boost)  
  14  0:38  Probe (Chrono Boost)  
  14  0:40  Assimilator  
  15  0:43  Probe (Chrono Boost)  
  16  0:55  Probe  
  17  1:07  Probe  
  18  1:20  Probe  
  18  1:21  Cybernetics Core  
  19  1:38  Probe  
  20  1:43  Nexus  
  20  1:52  Pylon  
  20  1:54  Adept (Chrono Boost)  
  20  2:01  Probe  
  23  2:06  Assimilator  
  23  2:13  Probe  
  23  2:14  Adept (Chrono Boost)  
  26  2:25  Probe  
  27  2:33  Stargate  
  27  2:37  Probe  
  27  2:42  Warp Gate  
  28  2:49  Probe  
  29  2:51  Stalker  
  29  2:55  Probe  
  32  3:01  Probe  
  33  3:07  Probe  
  34  3:13  Probe  
  34  3:16  Oracle (Chrono Boost)  
  34  3:19  Probe  
  39  3:25  Probe, Pylon  
  40  3:32  Probe  
  40  3:37  Probe  
  41  3:44  Probe (Chrono Boost)  
  41  3:49  Twilight Council  
  41  3:55  Probe (Chrono Boost)  
  43  3:56  Probe (Chrono Boost)  
  43  3:59  Gateway  
  43  4:00  Gateway  
  43  4:01  Probe (Chrono Boost)  
  45  4:03  Probe (Chrono Boost)  
  45  4:07  Pylon  
  45  4:10  Probe  
  45  4:11  Assimilator  
  45  4:14  Probe  
  47  4:19  Blink (Chrono Boost)  
  47  4:22  Probe  
  48  4:26  Probe  
  48  4:31  Stalker, Assimilator  
  51  4:34  Probe  
  51  4:36  Shield Battery  
  51  4:38  Probe  
  53  4:50  Pylon  
  53  4:51  Probe x2  
  55  4:55  Stalker x3  
  61  5:03  Robotics Facility, Probe  
  62  5:08  Probe  
  62  5:10  Gateway  
  63  5:18  Pylon  
  63  5:22  Stalker x3  
  63  5:26  Pylon  
  69  5:48  Stalker x3  
  75  5:54  Observer (Chrono Boost)  
  75  5:56  Robotics Bay  
  76  5:58  Probe x2  
  78  6:10  Probe x2  
  78  6:11  Robotics Bay  
  80  6:12  Forge  
  76  6:23  Probe x2, Charge  
  76  6:24  Gateway  
  78  6:27  Gateway  
  78  6:32  Immortal (Chrono Boost)  
  82  6:43  Nexus  
  82  6:47  Protoss Ground Weapons Level 1  
  82  6:48  Pylon  
  82  6:53  Extended Thermal Lance  
  82  6:57  Pylon  
  82  6:58  Pylon  
  82  7:00  Probe x2  
  84  7:02  Colossus (Chrono Boost)  
  90  7:20  Stalker x2  
  90  7:21  Stalker x2  
  98  7:23  Shield Battery  
  98  7:35  Sentry x2  
  102  7:44  Stalker x3, Gateway  
  102  7:46  Gateway  
  108  7:55  Probe x2  
  108  7:57  Observer, Probe  
  108  8:07  Probe x2  
  108  8:09  Stalker x5  
  108  8:11  Probe  
  112  8:22  Observer  
  112  8:23  Colossus (Chrono Boost)  
  118  8:35  Robotics Facility  
  118  8:37  Probe x3, Pylon  
  121  8:42  Pylon  
  121  8:56  Probe x3  
  121  8:59  Protoss Ground Weapons Level 2 (Chrono Boost)  
  121  9:02  Observer  
  124  9:04  Pylon  
  124  9:06  Assimilator  
  124  9:08  Probe  
  124  9:09  Pylon  
  125  9:14  Observer (Chrono Boost)  
  125  9:19  Pylon  
  125  9:20  Photon Cannon  
  125  9:22  Assimilator, Shield Battery  
  125  9:33  Photon Cannon  
  125  9:34  Stargate, Shield Battery  
  125  9:36  Photon Cannon  
  125  9:39  Colossus (Chrono Boost)  
  125  9:43  Immortal (Chrono Boost)  
  135  9:52  Fleet Beacon  
  135  9:55  Pylon  
  135  10:00  Pylon  
  135  10:12  Zealot x3  
  141  10:28  Disruptor x2  
  141  10:31  Gateway  
  141  10:33  Gateway  
  147  10:39  Carrier x2 (Chrono Boost)  
  159  10:53  Zealot  
  159  10:55  Zealot x7  
  175  11:08  Disruptor (Chrono Boost)  
  172  11:37  Zealot x6  
  172  11:38  Zealot x2  
  144  11:47  Carrier (Chrono Boost)  
  121  11:57  Carrier (Chrono Boost)  
  121  11:58  Stalker x2  
  121  11:59  Stalker x6  
  122  12:02  Observer  
  92  12:19  Observer  
  92  12:22  Observer (Chrono Boost)  
  83  12:32  Protoss Ground Weapons Level 3  
  83  12:44  Stalker, Sentry x3  
  83  12:45  Stalker x4  
  98  12:52  Immortal  
  98  12:56  Zealot x2  
  99  13:29  Observer, Zealot  
  99  13:31  Probe x2 (Chrono Boost)  
  99  13:32  Probe (Chrono Boost)  
  110  13:40  Observer (Chrono Boost)  
  110  13:41  Zealot, Probe x3 (Chrono Boost)  
  108  13:45  Probe (Chrono Boost)  
  108  13:46  Robotics Facility, Probe x2 (Chrono Boost)  
  113  13:57  Probe  
  113  13:58  Colossus (Chrono Boost), Probe x2  
  122  14:09  Probe  
  121  14:10  Probe x2  
  123  14:22  Probe x2  
  125  14:38  Zealot  
  125  14:39  Zealot x8, Colossus (Chrono Boost)  
  125  14:43  Observer (Chrono Boost)  
  142  14:54  Nexus  
  140  15:18  Colossus (Chrono Boost)  
  132  15:31  Immortal (Chrono Boost)  
  132  15:38  Sentry x3  
  132  15:39  Pylon  
  132  15:40  Templar Archives  
  138  15:44  Zealot x3  
  135  16:09  Stalker x2  
  135  16:10  Stalker, Zealot, Sentry  
  135  16:11  Sentry x3  
  134  16:23  Zealot x2  
  118  16:31  Sentry  
  107  16:37  High Templar x3  
  106  16:42  Archon  
  106  16:43  High Templar x2  
  106  16:47  Archon  
  105  17:00  High Templar  
  79  17:50  Archon  

Tags
 
Add a new tag
Caveats
  • Supply blocks, unpowered buildings, or Contaminate may cause inaccurate times.
  • Supply counts are checked every 10 seconds.